 Dungeon Crawl Stone Soup version 0.21.1-1-g345015f (webtiles) character file.

233 Flooderbenga the Grave Robber (level 6, 0/44 HPs)
             Began as a Gnoll Necromancer on Apr 3, 2018.
             Was a Follower of Cheibriados.
             Slain by a gnoll (2 damage)
             ... while paralysed by Grinder
             ... on level 6 of the Dungeon on Apr 4, 2018.
             The game lasted 00:40:05 (1218 turns).

Flooderbenga the Grave Robber (Gnoll Necromancer)   Turns: 1218, Time: 00:40:06

Health: 0/44       AC:  3    Str: 12    XL:     6   Next: 5%
Magic:  3/13       EV:  2    Int: 27    God:    Cheibriados [*.....]
Gold:   41         SH:  0    Dex: 17    Spells: 2/15 levels left

rFire    . . .     SeeInvis .   l - +0 trident
rCold    . . .     Gourm    .   (no shield)
rNeg     . . .     Faith    +   a - +0 robe
rPois    .         Spirit   .   (no helmet)
rElec    .         Reflect  .   (no cloak)
rCorr    .         Harm     .   (no gloves)
MR       .....                  j - +0 pair of boots
Stlth    +++.......             m - amulet of faith
HPRegen  0.14/turn              (no ring)
MPRegen  0.13/turn              (no ring)

@: paralysed, brilliant, hasted, very slow
A: distributed training, fangs 1, strong nose
a: Bend Time, Renounce Religion


You were on level 6 of the Dungeon.
You worshipped Cheibriados.
Cheibriados was aware of your devotion.
You were not hungry.

You visited 2 branches of the dungeon, and saw 7 of its levels.

You collected 107 gold pieces.
You spent 66 gold pieces at shops.

Inventory:

Hand Weapons
 d - a +0 dagger
 l - a +0 trident (weapon)
Missiles
 e - 5 stones (quivered)
Armour
 a - a +0 robe (worn)
 j - a +0 pair of boots (worn)
Jewellery
 m - an amulet of faith (around neck)
Scrolls
 f - a scroll of enchant armour {unknown}
 i - a scroll of enchant weapon {unknown}
 o - 2 scrolls of vulnerability {unknown}
Books
 b - a book of Necromancy

   Spells                             Type                      Level
   a - Pain                           Necromancy                   1
   b - Animate Skeleton               Necromancy                   1
   c - Vampiric Draining              Necromancy                   3
   d - Regeneration                   Charms/Necromancy            3
   e - Animate Dead                   Necromancy                   4
   f - Borgnjor's Vile Clutch         Necromancy/Earth             5
Comestibles
 c - 7 rations


   Skills:
 + Level 1.7 Fighting
 + Level 1.7 Short Blades
 + Level 1.7 Long Blades
 + Level 1.7 Axes
 + Level 1.7 Maces & Flails
 + Level 1.7 Polearms
 + Level 1.7 Staves
 + Level 1.7 Slings
 + Level 1.7 Bows
 + Level 1.7 Crossbows
 + Level 1.7 Throwing
 + Level 1.7 Armour
 + Level 4.9 Dodging
 + Level 4.5 Stealth
 + Level 1.7 Shields
 + Level 1.7 Unarmed Combat
 + Level 5.2 Spellcasting
 + Level 1.3 Conjurations
 + Level 1.3 Hexes
 + Level 1.3 Charms
 + Level 1.3 Summonings
 + Level 7.2 Necromancy
 + Level 1.3 Translocations
 + Level 1.3 Transmutations
 + Level 1.3 Fire Magic
 + Level 1.3 Ice Magic
 + Level 1.3 Air Magic
 + Level 1.3 Earth Magic
 + Level 1.3 Poison Magic
 + Level 1.9 Invocations
 + Level 1.7 Evocations


You had 2 spell levels left.
You knew the following spells:

 Your Spells              Type           Power        Failure   Level  Hunger
a - Pain                  Necr           ####         1%          1    None
b - Borgnjor's Vile Clut  Necr/Erth      #####.....   4%          5    #####..
c - Vampiric Draining     Necr           ######....   1%          3    #......
r - Regeneration          Chrm/Necr      #####.....   1%          3    #......
z - Animate Skeleton      Necr           N/A          1%          1    None


Dungeon Overview and Level Annotations

Branches:
Dungeon (6/15)             Temple (1/1) D:4

Altars:
Ashenzari
Cheibriados
Dithmenos
Elyvilon
Fedhas
Hepliaklqana
Makhleb
Trog
Uskayaw
Xom
The Shining One

Shops:
D:4 *

Annotations:
D:4 Flooderbenga's ghost, amateur GnNe
D:6 Grinder


Innate Abilities, Weirdness & Mutations

Your experience applies equally to all skills.
You have very sharp teeth.
Your uncanny sense of smell can sniff out nearby items.


Message History

You throw a stone.
The stone hits Grinder but does no damage.
The gnoll hits you but does no damage.
Aim: Grinder (almost dead, unusually resistant)
You throw a stone. The stone closely misses Grinder.
Aim: Grinder (almost dead, unusually resistant)
You throw a stone.
The stone hits Grinder but does no damage.
The gnoll closely misses you. Grinder gestures at you.
You suddenly lose the ability to move!
The gnoll hits you.
* * * LOW HITPOINT WARNING * * *
The gnoll hits you!
* * * LOW HITPOINT WARNING * * *
Grinder gestures at you.
You shrug off the repeated paralysis!
The gnoll hits you but does no damage. The gnoll hits you.
You die...

∆ # #. .. #.#
#..#########. ..
... #...g@.(5..((#
.# #.#
#####.######.#
...... #.# #.#
.#.#. #.# #.# ÷..#
#.# #.# #.#. #.#
#.# #.#. #.# #.#
#.#. #.#
####.######.#.
#.###...........<.


You could see Grinder and a gnoll.

Vanquished Creatures
  A bullfrog (D:6)
  A jelly (D:5)
  2 worker ants (D:5)
  A hound skeleton (D:5)
  A gnoll (D:6)
  2 adders
  A shadow imp (D:5)
  An adder skeleton (D:4)
  2 worms (D:2)
  A leopard gecko (D:6)
  2 orcs
  6 bats
  2 giant cockroaches
  2 goblins (D:1)
  3 hobgoblins
  4 jackals (D:5)
  4 kobolds (D:1)
  A quokka (D:3)
  2 frilled lizards (D:2)
  5 rats
44 creatures vanquished.

Notes
Turn   | Place    | Note
-------+----------+-------------------------------------------
     0 | D:1      | Flooderbenga the Gnoll Necromancer began the quest for the Orb.
     0 | D:1      | Reached XP level 1. HP: 13/13 MP: 6/6
   114 | D:1      | Learned a level 1 spell: Animate Skeleton
   210 | D:1      | Found an ornate altar of the Wu Jian Council.
   212 | D:1      | Found a shimmering altar of Xom.
   212 | D:1      | Found a shattered altar of Ashenzari.
   215 | D:1      | Found a shattered altar of Ashenzari.
   215 | D:1      | Found a shattered altar of Ashenzari.
   215 | D:1      | Found a white marble altar of Elyvilon.
   218 | D:1      | Reached XP level 2. HP: 17/19 MP: 4/7
   300 | D:2      | HP: 1/20 [worm (2)]
   349 | D:2      | Reached XP level 3. HP: 5/25 MP: 5/9
   354 | D:2      | Learned a level 3 spell: Regeneration
   359 | D:2      | Learned a level 3 spell: Vampiric Draining
   473 | D:2      | You fall through a shaft for 2 floors!
   488 | D:4      | Reached skill level 5 in Spellcasting
   538 | D:4      | Found a staircase to the Ecumenical Temple.
   544 | Temple   | Entered the Ecumenical Temple
   556 | Temple   | Became a worshipper of Cheibriados the Contemplative
   574 | D:4      | Noticed Flooderbenga's ghost (amateur GnNe)
   769 | D:3      | Reached skill level 1 in Invocations
   820 | D:4      | Found Suonuare's Assorted Antiques.
   823 | D:5      | Entered Level 5 of the Dungeon
   837 | D:6      | Noticed a bullfrog
   841 | D:6      | Noticed a scorpion
   843 | D:6      | Killed a bullfrog
   843 | D:6      | Reached skill level 1 in Fighting
   843 | D:6      | Reached skill level 1 in Short Blades
   843 | D:6      | Reached skill level 1 in Long Blades
   843 | D:6      | Reached skill level 1 in Axes
   843 | D:6      | Reached skill level 1 in Maces & Flails
   843 | D:6      | Reached skill level 1 in Polearms
   843 | D:6      | Reached skill level 1 in Staves
   843 | D:6      | Reached skill level 1 in Slings
   843 | D:6      | Reached skill level 1 in Bows
   843 | D:6      | Reached skill level 1 in Crossbows
   843 | D:6      | Reached skill level 1 in Throwing
   843 | D:6      | Reached skill level 1 in Armour
   843 | D:6      | Reached skill level 1 in Shields
   843 | D:6      | Reached skill level 1 in Unarmed Combat
   843 | D:6      | Reached skill level 1 in Conjurations
   843 | D:6      | Reached skill level 1 in Hexes
   843 | D:6      | Reached skill level 1 in Charms
   843 | D:6      | Reached skill level 1 in Summonings
   843 | D:6      | Reached skill level 1 in Translocations
   843 | D:6      | Reached skill level 1 in Transmutations
   843 | D:6      | Reached skill level 1 in Fire Magic
   843 | D:6      | Reached skill level 1 in Ice Magic
   843 | D:6      | Reached skill level 1 in Air Magic
   843 | D:6      | Reached skill level 1 in Earth Magic
   843 | D:6      | Reached skill level 1 in Poison Magic
   843 | D:6      | Reached skill level 1 in Evocations
   843 | D:6      | Reached XP level 4. HP: 23/32 MP: 2/11
   852 | D:6      | Reached XP level 5. HP: 27/37 MP: 0/12
   857 | D:5      | Found a bloodstained altar of Trog.
   882 | D:5      | Learned a level 5 spell: Borgnjor's Vile Clutch
   992 | D:4      | Bought a scroll labeled UPELEM CAPTAS for 35 gold pieces
   992 | D:4      | Bought a smoky pink potion for 31 gold pieces
  1030 | D:5      | Reached * piety under Cheibriados
  1093 | D:5      | Found a shadowy altar of Dithmenos.
  1156 | D:5      | Reached XP level 6. HP: 25/44 MP: 2/13
  1190 | D:6      | Noticed Grinder
  1204 | D:6      | Paralysed by Grinder for 7 turns
  1214 | D:6      | Paralysed by Grinder for 5 turns
  1216 | D:6      | HP: 2/44 [gnoll (7)]
  1218 | D:6      | Slain by a gnoll

Skill      XL: |  1  2  3 |
---------------+----------+-----
Spellcasting   | 5 |  5.2
Invocations    | 1 |  1.9
Fighting       | 1 |  1.7
Short Blades   | 1 |  1.7
Long Blades    | 1 |  1.7
Axes           | 1 |  1.7
Maces & Flails | 1 |  1.7
Polearms       | 1 |  1.7
Staves         | 1 |  1.7
Slings         | 1 |  1.7
Bows           | 1 |  1.7
Crossbows      | 1 |  1.7
Throwing       | 1 |  1.7
Armour         | 1 |  1.7
Shields        | 1 |  1.7
Unarmed Combat | 1 |  1.7
Conjurations   | 1 |  1.3
Hexes          | 1 |  1.3
Charms         | 1 |  1.3
Summonings     | 1 |  1.3
Translocations | 1 |  1.3
Transmutations | 1 |  1.3
Fire Magic     | 1 |  1.3
Ice Magic      | 1 |  1.3
Air Magic      | 1 |  1.3
Earth Magic    | 1 |  1.3
Poison Magic   | 1 |  1.3
Evocations     | 1 |  1.7
Dodging        | |  4.9
Stealth        | |  4.5
Necromancy     | |  7.2

Action                   |  1- 3 |  4- 6 || total
-------------------------+-------+-------++-------
Melee: Dagger            |    27 |    46 ||    73
       Bite              |       |    10 ||    10
       Trident           |       |     2 ||     2
Throw: Stone             |       |     6 ||     6
 Cast: Pain              |    39 |    16 ||    55
       Regeneration      |     2 |     3 ||     5
       Animate Skeleton  |     1 |     2 ||     3
       Vampiric Draining |       |     4 ||     4
       Borgnjor's Vile C |       |     2 ||     2
  Use: Potion            |     1 |     5 ||     6
       Scroll            |     2 |     1 ||     3
 Stab: Sleeping          |     2 |     1 ||     3
  Eat: Chunk             |       |     2 ||     2
Armor: Robe              |     9 |     8 ||    17
Dodge: Dodged            |    30 |    51 ||    81
